 Dungeon Crawl Stone Soup version 0.30.1-4-g462c640d31 (webtiles) character file.

Game seed: 4472113211973905888

60 Sin the Shooter (level 3, 0/21 HPs)
             Began as a Deep Elf Hunter on Aug 29, 2023.
             Killed from afar by Ijyb (7 damage)
             ... with a puff of flame
             ... on level 3 of the Dungeon on Aug 31, 2023.
             The game lasted 00:20:05 (2287 turns).

Sin the Shooter (Deep Elf Hunter)                   Turns: 2287, Time: 00:20:09

Health: 0/21       AC:  4    Str:  8    XL:     3   Next: 80%
Magic:  5/5        EV: 12    Int: 13    God:
Gold:   174        SH:  0    Dex: 20    Spells: 2/2 levels left

rFire   . . .        a - +0 shortbow
rCold   . . .        (shield currently unavailable)
rNeg    . . .        c - +1 leather armour
rPois   .            (no helmet)
rElec   .            (no cloak)
rCorr   .            (no gloves)
SInv    .            (no boots)
Will    .....        (no amulet)
Stlth   ++           (no ring)
HPRegen 0.23/turn    (no ring)
MPRegen 0.09/turn

%: no passive effects
@: mighty, brilliant
A: no striking features
a: no special abilities


You were on level 3 of the Dungeon.
You visited 1 branch of the dungeon, and saw 3 of its levels.

You collected 174 gold pieces.

Inventory:

Hand Weapons
 a - a +0 shortbow (weapon)
Armour
 c - a +1 leather armour (worn)
 f - a +0 kite shield
Scrolls
 b - a scroll of immolation
 m - a scroll of enchant armour
Potions
 d - a potion of cancellation
 e - a potion of resistance
 h - a potion of berserk rage


   Skills:
 + Level 2.0 Fighting
 + Level 6.8 Ranged Weapons
 + Level 0.4 Armour
 + Level 2.4 Dodging
 + Level 1.3 Stealth


You had 2 spell levels left.
You didn't know any spells.
Your spell library was empty.

Dungeon Overview and Level Annotations

Branches:
Dungeon (3/15)

Altars:

Shops:
D:2 =

Annotations:
D:3 Ijyb


Message History

You shoot an arrow. The arrow hits the worm.
You kill the worm!
You see here a worm corpse.
You now have 160 gold pieces (gained 13).
You now have 174 gold pieces (gained 14).
As you open the door, it creaks loudly!
There is an open door here.
There is an open door here.
Unknown command.
As you read the scroll of identify, it crumbles to dust.
i - a scroll of torment It was a potion of might.
You feel very mighty all of a sudden.
It was a potion of brilliance.
You feel clever all of a sudden.
It was a potion of magic.
Magic courses through your body.
Okay, then.
There is an open door here.
A goblin comes into view. It is wielding a +0 dagger.
A goblin comes into view. It is wielding a +0 club.
The goblin shouts!
You hear a shout!
Ijyb the Twisted Goblin comes into view.
She is wielding a +1 dagger of venom and carrying a wand of flame (17).
The goblin reads a scroll.
Wisps of shadow swirl around the goblin.
The goblin hits you with a +0 dagger. The goblin hits you with a +0 dagger.
The goblin attacks as you move away! The goblin barely misses you.
The hobgoblin misses you. The goblin hits you but does no damage.
Okay, then.
Really read the scroll of torment?
Uppercase [Y]es or [N]o only, please.
Really read the scroll of torment?
As you read the scroll of torment, it crumbles to dust.
Your body is wracked with pain!
Ijyb convulses!
The hobgoblin convulses!
The adder convulses!
The ball python convulses!
The bat hits you but does no damage. The goblin hits you with a +0 club.
The hobgoblin hits you. The goblin hits you with a +0 dagger.
Ijyb zaps a wand.
The puff of flame hits you!
You die...

..... .....####
........## .........#
.........# .........#
.........###############
......g@g...............
.....S.gg.##############
.....b.S..... # #
.........#.#.# .#.#
#####.....#.#.# #.#.
##+#.#.#.#.# .... .#.#
#.#. #... # # #. ###. ##


You could see Ijyb, an adder (summoned), a hobgoblin (summoned), 2 goblins, a
bat (summoned) and a ball python (summoned).

Vanquished Creatures
  An adder (D:2)
  2 worms
  A dart slug (D:2)
  3 orcs (D:3)
  5 bats
  2 endoplasms
  2 giant cockroaches (D:1)
  A goblin (D:2)
  4 hobgoblins
  2 quokkas (D:2)
  4 ball pythons
  2 frilled lizards
  4 kobolds
  5 rats
38 creatures vanquished.

Notes
Turn   | Place    | Note
-------+----------+-------------------------------------------
     0 | D:1      | Sin the Deep Elf Hunter began the quest for the Orb.
     0 | D:1      | Reached XP level 1. HP: 12/12 MP: 3/3
   110 | D:1      | Reached XP level 2. HP: 16/16 MP: 4/4
   276 | D:1      | Reached skill level 6 in Ranged Weapons
   429 | D:1      | Found a faded altar of an unknown god.
  1144 | D:2      | Reached XP level 3. HP: 21/21 MP: 5/5
  1166 | D:2      | Found Vuew's Jewellery Shoppe.
  2283 | D:3      | Noticed Ijyb
  2287 | D:3      | Killed from afar by Ijyb

Illustrated notes

Levels and vault maps discovered:
D:1:      dpeg_arrival_snail, layout_basic, shapermc_ecumenical_altar_flowoftime
D:2:      layout_basic, serial_shops, nicolae_shop_real_fake_doors,
          nicolae_hexahallways, grunt_ministairs_7
D:3:      layout_basic, minmay_misc_feat_x, minmay_puff, uniq_ijyb

Skill      XL: |  1  2 |
---------------+-------+-----
Ranged Weapons | 6 |  6.8
Fighting       | 2 |  2.0
Armour         | |  0.4
Dodging        | |  2.4
Stealth        | |  1.3

Action                     || total
---------------------------++-------
   Fire: Shortbow          ||   119
    Use: Scroll            ||     5
         Potion            ||     5
 Armour: Leather armour    ||    12
  Dodge: Dodged            ||    27
